 Dungeon Crawl Stone Soup version 0.28-a0-1213-g0243856f03 (webtiles) character file.

Game seed: 13715344758509750572

359 kipponium the Grasshopper (level 6, 0/51 HPs)
             Began as a Gnoll Warper on Dec 21, 2021.
             Was an Initiate of Sif Muna.
             Slain by an orc (5 damage)
             ... on level 5 of the Dungeon.
             The game lasted 00:19:02 (6409 turns).

kipponium the Grasshopper (Gnoll Warper)            Turns: 6409, Time: 00:19:02

Health: 0/51       AC:  0    Str: 11    XL:     6   Next: 65%
Magic:  4/14       EV: 14    Int: 15    God:    Sif Muna [......]
Gold:   146        SH:  0    Dex: 20    Spells: 9/15 levels left

rFire   . . .      SeeInvis .   y - +1 dagger (flame)
rCold   . . .      Faith    .   (no shield)
rNeg    . . .      Spirit   .   G - +1 leather armour of Heviohaf {Str-2 Int+3 Dex+3}
rPois   .          Reflect  .   (no helmet)
rElec   .          Harm     .   (no cloak)
rCorr   .          Rampage  .   (no gloves)
Will    .....                   (no boots)
Stlth   ++........              (no amulet)
HPRegen 0.17/turn               g - +6 ring of dexterity
MPRegen 0.14/turn               o - +4 ring of protection

@: corroded, on blink cooldown
A: fangs 1, strong nose, distributed training
a: Renounce Religion


You were on level 5 of the Dungeon.
You worshipped Sif Muna.
Sif Muna was noncommittal.
You visited 2 branches of the dungeon, and saw 6 of its levels.
You also visited: Sewer.

You collected 146 gold pieces.

Inventory:

Hand Weapons
 a - a +0 short sword
 e - a +2 whip of electrocution
 y - a +1 dagger of flaming (weapon)
 B - a +0 hunting sling
Missiles
 i - 26 sling bullets
 z - 4 boomerangs (quivered)
 E - 80 stones
Armour
 b - a +0 leather armour
 G - the +1 leather armour of Heviohaf (worn) {Str-2 Int+3 Dex+3}
   (You found it on level 4 of the Dungeon)

   Str:       It affects your strength (-2).
   Int:       It affects your intelligence (+3).
   Dex:       It affects your dexterity (+3).
Jewellery
 g - a +6 ring of dexterity (left hand)
 h - an amulet of guardian spirit
 k - a ring of flight
 o - a +4 ring of protection (right hand)
 A - a +4 ring of protection
Scrolls
 c - 3 scrolls of blinking
 f - 2 scrolls of identify
 j - 2 scrolls of enchant weapon {unknown}
 m - a scroll of enchant armour {unknown}
 n - 4 scrolls of teleportation
 p - 3 scrolls of fear {unknown}
 q - a scroll of fog {unknown}
 C - 2 scrolls of noise {unknown}
 H - a scroll of vulnerability {unknown}
 I - a scroll of magic mapping {unknown}
Potions
 d - 4 potions of curing {unknown}
 l - 2 potions of ambrosia
 r - a potion of heal wounds {unknown}
 s - 2 potions of haste {unknown}
 t - a potion of magic
 u - a potion of invisibility {unknown}
 v - a potion of cancellation {unknown}
 w - a potion of might {unknown}
 x - 2 potions of brilliance
 D - 2 potions of lignification {unknown}
 F - a potion of degeneration {unknown}


   Skills:
 + Level 5.0 Fighting
 + Level 5.0 Short Blades
 + Level 2.0 Long Blades
 + Level 2.0 Axes
 + Level 2.0 Maces & Flails
 + Level 2.0 Polearms
 + Level 2.0 Staves
 + Level 2.0 Slings
 + Level 2.0 Bows
 + Level 2.0 Crossbows
 + Level 3.3 Throwing
 + Level 3.3 Armour
 + Level 5.0 Dodging
 + Level 2.0 Stealth
 + Level 2.0 Shields
 + Level 2.0 Unarmed Combat
 + Level 5.4 Spellcasting
 + Level 1.6 Conjurations
 + Level 1.6 Hexes
 + Level 1.6 Summonings
 + Level 1.6 Necromancy
 + Level 5.7 Translocations
 + Level 1.6 Transmutations
 + Level 1.6 Fire Magic
 + Level 1.6 Ice Magic
 + Level 1.6 Air Magic
 + Level 1.6 Earth Magic
 + Level 1.6 Poison Magic
 + Level 2.2 Invocations
 + Level 2.0 Evocations


You had 9 spell levels left.
You knew the following spells:

 Your Spells              Type           Power      Damage    Failure   Level
a - Blink                 Tloc           42%        N/A       3%          2
b - Gell's Gravitas       Tloc           21%        N/A       6%          3
c - Shock                 Conj/Air       32%        1d5       11%         1

Your spell library contained the following spells:

 Spells                   Type           Power      Damage    Failure   Level
 Apportation              Tloc           42%        N/A       1%          1
 Lesser Beckoning         Tloc           21%        N/A       6%          3
 Teleport Other           Tloc           21%        N/A       6%          3
 Corpse Rot               Necr/Air       16%        N/A       16%         2
 Swiftness                Air            8%         N/A       30%         3
 Manifold Assault         Tloc           21%        N/A       47%         5
 Airstrike                Air            4%         N/A       71%         4
 Dispel Undead            Necr           8%         3d8       71%         4
 Alistair's Intoxication  Tmut/Pois      5%         N/A       96%         5
 Death Channel            Necr           4%         N/A       100%        6


Dungeon Overview and Level Annotations

Branches:
Dungeon (5/15)             Temple (1/1) D:4           Sewer (visited)

Altars:
Ashenzari
Cheibriados
Fedhas
Gozag
Hepliaklqana
Kikubaaqudgha
Makhleb
Nemelex Xobeh
Okawaru
Qazlal
Ru
Sif Muna
Trog
Vehumet
Wu Jian
Xom
Yredelemnul
Zin
The Shining One


Innate Abilities, Weirdness & Mutations

You have very sharp teeth.
Your uncanny sense of smell can sniff out nearby items.
Your experience applies equally to all skills.


Message History

Confirm with . or Enter, or press ? or * to list all spells.
Aiming: Gell's Gravitas (dangerous; 6% risk of failure)
Press: ? - help, Dir - move target, p - orc Gravity reorients around empty space.
The orc collides with the jelly!
The jelly is almost dead.
The orc is lightly wounded.
Casting: Gell's Gravitas (dangerous; 6% risk of failure)
Confirm with . or Enter, or press ? or * to list all spells.
Aiming: Gell's Gravitas (dangerous; 6% risk of failure)
Press: ? - help, Dir - move target Gravity reorients around empty space.
The orc collides with the jelly!
You kill the jelly!
Sif Muna accepts your kill.
Casting: Gell's Gravitas (dangerous; 6% risk of failure)
Confirm with . or Enter, or press ? or * to list all spells.
Aiming: Shock (safe; 11% risk of failure)
Press: ? - help, Shift-Dir - straight line, f - orc
Aim: an orc, wielding a +0 hand axe and wearing a +0 chain mail (lightly wounded, 77% to hit)
The zap hits the orc.
The orc is moderately wounded.
You feel stable enough to blink again.
Throw: 4 boomerangs
Press: ? - help, Q - select action, (/) - cycle Shift-Dir - straight line, f/p - orc
Aim: an orc, wielding a +0 hand axe and wearing a +0 chain mail (moderately wounded, 72% to hit)
You throw a boomerang. The boomerang closely misses the orc.
Throw: 4 boomerangs
Press: ? - help, Q - select action, (/) - cycle Shift-Dir - straight line, f/p - orc
Aim: an orc, wielding a +0 hand axe and wearing a +0 chain mail (moderately wounded, 72% to hit)
You throw a boomerang. The boomerang barely misses the orc.
Throw: 4 boomerangs
Press: ? - help, Q - select action, (/) - cycle Shift-Dir - straight line, f/p - orc
Aim: an orc, wielding a +0 hand axe and wearing a +0 chain mail (moderately wounded, 72% to hit)
You throw a boomerang. The boomerang closely misses the orc.
Casting: Shock (safe; 11% risk of failure)
Confirm with . or Enter, or press ? or * to list all spells.
You blink.
The orc hits you with a +0 hand axe.
* * * LOW HITPOINT WARNING * * *
There is an escape hatch in the ceiling here.
The orc hits you with a +0 hand axe.
You die...

###### ##....##
##......# ..
##.......## ...
....####..#.##..@##
...
..........#^###..o##
.... .........##8#
##...### .....
.....(...##^#
##....###.....
....(....##.#
##..ยง.......#
..........#.#
#........##
..(.###.....#
##.......##
.(....#....##
##....#####
(..........##
##.....#


You could see an orc.

Vanquished Creatures
  A phantom (D:4)
  A jelly (D:5)
  Natasha (twice) (D:2)
  Robin (D:3)
  9 adders
  5 worms
  A dart slug (D:1)
  2 orcs
  6 bats
  5 endoplasms
  4 giant cockroaches
  8 goblins
  10 hobgoblins
  2 jackals (D:2)
  5 quokkas
  9 ball pythons
  4 frilled lizards
  15 kobolds
  5 rats
95 creatures vanquished.

Notes
Turn   | Place    | Note
-------+----------+-------------------------------------------
     0 | D:1      | kipponium the Gnoll Warper began the quest for the Orb.
     0 | D:1      | Reached XP level 1. HP: 20/20 MP: 6/6
   516 | D:1      | Reached XP level 2. HP: 26/26 MP: 7/7
   699 | D:1      | Learned a level 2 spell: Blink
  1111 | D:1      | Reached XP level 3. HP: 31/31 MP: 9/9
  1118 | D:1      | Learned a level 3 spell: Gell's Gravitas
  1425 | D:2      | Noticed Natasha
  1437 | D:1      | Reached skill level 5 in Spellcasting
  1765 | D:2      | Reached skill level 1 in Invocations
  2032 | D:2      | Reached skill level 1 in Long Blades
  2032 | D:2      | Reached skill level 1 in Axes
  2032 | D:2      | Reached skill level 1 in Maces & Flails
  2032 | D:2      | Reached skill level 1 in Polearms
  2032 | D:2      | Reached skill level 1 in Staves
  2032 | D:2      | Reached skill level 1 in Slings
  2032 | D:2      | Reached skill level 1 in Bows
  2032 | D:2      | Reached skill level 1 in Crossbows
  2032 | D:2      | Reached skill level 1 in Stealth
  2032 | D:2      | Reached skill level 1 in Shields
  2032 | D:2      | Reached skill level 1 in Unarmed Combat
  2032 | D:2      | Reached skill level 1 in Evocations
  2571 | D:2      | Reached XP level 4. HP: 31/38 MP: 11/11
  3260 | D:3      | Reached skill level 1 in Conjurations
  3260 | D:3      | Reached skill level 1 in Hexes
  3260 | D:3      | Reached skill level 1 in Summonings
  3260 | D:3      | Reached skill level 1 in Necromancy
  3260 | D:3      | Reached skill level 1 in Transmutations
  3260 | D:3      | Reached skill level 1 in Fire Magic
  3260 | D:3      | Reached skill level 1 in Ice Magic
  3260 | D:3      | Reached skill level 1 in Air Magic
  3260 | D:3      | Reached skill level 1 in Earth Magic
  3260 | D:3      | Reached skill level 1 in Poison Magic
  3491 | D:3      | Found a glowing drain.
  3500 | Sewer    | Entered a sewer
  3594 | Sewer    | Learned a level 1 spell: Shock
  3686 | Sewer    | Reached XP level 5. HP: 42/43 MP: 12/12
  4597 | D:3      | Noticed Robin
  4610 | D:3      | Killed Robin
  4871 | D:2      | Killed Natasha
  5123 | D:2      | Noticed Natasha
  5139 | D:2      | Killed Natasha
  5140 | D:2      | Reached XP level 6. HP: 43/50 MP: 2/13
  5583 | D:4      | Identified the +1 leather armour of Heviohaf {Str-2 Int+3
                  | Dex+3}
  5628 | D:4      | Reached skill level 5 in Fighting
  5628 | D:4      | Reached skill level 5 in Short Blades
  5628 | D:4      | Reached skill level 5 in Dodging
  6100 | D:4      | Found a staircase to the Ecumenical Temple.
  6107 | D:4      | Identified the +1 leather armour of Vic Qono {Stlth+}
  6110 | Temple   | Entered the Ecumenical Temple
  6248 | Temple   | Became a worshipper of Sif Muna the Loreminder
  6347 | D:5      | Entered Level 5 of the Dungeon
  6409 | D:5      | Slain by an orc

Illustrated notes

Levels and vault maps discovered:
D:1:      lightli_iron_boxes, layout_loops_ring
D:2:      layout_basic, kennysheep_generic_room_8, uniq_natasha
D:3:      layout_basic, portal_sewer_entry_d, uniq_robin
D:4:      layout_basic, temple_green, kennysheep_doodads
D:5:      layout_layer_cave, minmay_misc_feat_tower,
          ebering_dispersal_statue_hall, grunt_ministairs_2
Temple:   mainiacjoe_temple_circle_huts

Skill      XL: |  1  2  3  4  5  6 |
---------------+-------------------+-----
Spellcasting   | 5 |  5.4
Invocations    | 1 2 |  2.2
Long Blades    | 1 2 |  2.0
Axes           | 1 2 |  2.0
Maces & Flails | 1 2 |  2.0
Polearms       | 1 2 |  2.0
Staves         | 1 2 |  2.0
Slings         | 1 2 |  2.0
Bows           | 1 2 |  2.0
Crossbows      | 1 2 |  2.0
Stealth        | 1 2 |  2.0
Shields        | 1 2 |  2.0
Unarmed Combat | 1 2 |  2.0
Evocations     | 1 2 |  2.0
Conjurations   | 1 |  1.6
Hexes          | 1 |  1.6
Summonings     | 1 |  1.6
Necromancy     | 1 |  1.6
Transmutations | 1 |  1.6
Fire Magic     | 1 |  1.6
Ice Magic      | 1 |  1.6
Air Magic      | 1 |  1.6
Earth Magic    | 1 |  1.6
Poison Magic   | 1 |  1.6
Throwing       | 3 |  3.3
Armour         | 3 |  3.3
Fighting       | 5 |  5.0
Short Blades   | 5 |  5.0
Dodging        | 5 |  5.0
Translocations | |  5.7

Action                   |  1- 3 |  4- 6 || total
-------------------------+-------+-------++-------
Melee: Short sword       |   142 |   149 ||   291
       Bite              |    10 |    25 ||    35
       Punch             |       |     1 ||     1
       Dagger            |       |    41 ||    41
 Fire: Hunting sling     |       |    21 ||    21
Throw: Boomerang         |     5 |     3 ||     8
 Cast: Gell's Gravitas   |     6 |    15 ||    21
       Shock             |       |    30 ||    30
       Blink             |       |     4 ||     4
  Use: Scroll            |       |     4 ||     4
 Stab: Sleeping          |     2 |       ||     2
Armor: Leather armour    |    31 |    56 ||    87
Dodge: Dodged            |    76 |   119 ||   195

Table legend: (Time is in decaauts)
 A = Elapsed time spent in this place.
 B = Non-inter-level travel time spent in this place.
 C = Inter-level travel time spent in this place.
 D = Time resting spent in this place.
 E = Time spent auto-exploring this place.
 F = Levels seen in this place.
 G = Mean time per level.
                   A        B        C        D        E       F      G
               +--------+--------+--------+--------+--------+-----+--------+
         Total |   6428 |   6001 |    427 |   2395 |   2062 |   7 |  918.3 |
       Dungeon |   5589 |   5182 |    407 |   2127 |   2003 |   5 | 1117.8 |
        Temple |    159 |    139 |     20 |      0 |     39 |   1 |  159.0 |
         Sewer |    678 |    678 |      0 |    268 |     20 |   1 |  678.0 |
               +--------+--------+--------+--------+--------+-----+--------+

Top non-repeatable levels by time:
     D:1: 2548 daAuts
     D:2: 1283 daAuts
     D:3: 1033 daAuts
   Sewer: 678 daAuts
     D:4: 663 daAuts
  Temple: 159 daAuts
     D:5: 60 daAuts
